 Dungeon Crawl Stone Soup version 0.20-a0-1127-g1289703 (webtiles) character file.

2044 AlphabetPasta the Chopper (level 9, 0/69 HPs)
             Began as a Mummy Chaos Knight on May 17, 2017.
             Slain by a hornet (8 damage)
             ... on level 8 of the Dungeon.
             The game lasted 00:25:34 (5668 turns).

AlphabetPasta the Chopper (Mummy Chaos Knight)      Turns: 5668, Time: 00:25:34

Health: 0/69       AC: 12    Str: 18    XL:     9   Next: 4%
Magic:  11/11      EV:  8    Int: 12    God:    Xom [*.....]
Gold:   354        SH:  0    Dex: 11    Spells: 8/8 levels left

rFire    . . .     SeeInvis .   a - +1 hand axe (chaos)
rCold    + . .     Gourm    .   (no shield)
rNeg     + + +     Faith    .   i - +0 chain mail
rPois    ∞         Spirit   .   (no helmet)
rElec    .         Reflect  .   (no cloak)
rCorr    .         Harm     .   (no gloves)
MR       +....                  (no boots)
Stlth    ..........             (no amulet)
Regen    0.3/turn               o - +3 ring of protection
MPRegen  0.2/turn               g - ring of protection from fire

@: no status effects
A: no food or potions, fire vulnerability, cold resistance 1, negative energy
resistance 3, torment resistance, unbreathing
a: Renounce Religion


You were on level 8 of the Dungeon.
You worshipped Xom.
You were a special plaything of Xom.
You were not hungry.

You visited 1 branch of the dungeon, and saw 8 of its levels.

You collected 354 gold pieces.

Inventory:

Hand Weapons
 a - a +1 hand axe of chaos (weapon)
Missiles
 e - 66 bolts
Armour
 b - a +2 leather armour
 i - a +0 chain mail (worn)
Jewellery
 d - an uncursed ring of protection from cold
 g - a ring of protection from fire (right hand)
 h - an uncursed ring of magical power
 n - an uncursed ring of protection from cold
 o - a +3 ring of protection (left hand)
 p - an uncursed ring of wizardry
 r - an uncursed ring of ice
Wands
 j - a wand of clouds (9/9)
 m - a wand of digging (14/24)
Scrolls
 c - a scroll of teleportation
 f - 6 scrolls of remove curse
 k - 5 scrolls of identify
 q - a scroll of blinking
 s - 2 scrolls of fear


   Skills:
 + Level 6.2 Fighting
 * Level 6.9 Axes
 + Level 3.4 Armour
 - Level 3.2 Dodging
 + Level 3.5 Evocations


You had 8 spell levels left.
You didn't know any spells.

Dungeon Overview and Level Annotations

Branches:
Dungeon (8/15)             Temple (0/1) D:5
   Lair: D:8-11

Altars:
Qazlal
Ru
Uskayaw
Zin
The Shining One


Innate Abilities, Weirdness & Mutations

You do not eat or drink.
Your flesh is vulnerable to fire.
You are immune to poison.
Your flesh is cold resistant. (rC+)
You are immune to negative energy. (rN+++)
You are immune to unholy pain and torment.
You can survive without breathing.


Message History

The hornet is severely wounded.
The hornet stings you.
You hit the hornet.
The hornet is briefly tinged with green.
The hornet is almost dead.
The hornet stings you! The hornet stings you.
* * * LOW HITPOINT WARNING * * *
You closely miss the hornet.
The hornet is almost dead.
The hornet stings you.
* * * LOW HITPOINT WARNING * * *
Your chain mail prevents you from hitting the hornet.
The hornet is almost dead.
The hornet stings you but does no damage. x2
You hit the hornet.
The hornet seems to speed up.
The hornet is almost dead.
The hornet stings you!
* * * LOW HITPOINT WARNING * * *
The hornet stings you!
You die...

** #.###......#
*##*#**,*** #..........#
*,* #####.#.#### *,* #.#.#
*,* #.#.# *,* ########.#.#
*,* ...........# *,*
########.###############,*
#........@y....((,*
#################**


You could see a hornet.

Vanquished Creatures
  2 hippogriffs
  Edmund (D:4)
  2 ice beasts
  An ogre (D:5)
  2 phantoms
  A centaur (D:7)
  A crocodile (D:7)
  4 bullfrogs
  A scorpion (D:5)
  A howler monkey (shapeshifter) (D:1)
  A centaur zombie (D:5)
  2 crimson imps (D:5)
  A bullfrog zombie (D:5)
  2 orc priests (D:6)
  Ijyb (D:4)
  A hound (D:7)
  A jelly (D:8)
  An orc wizard (D:6)
  A centaur skeleton (D:4)
  3 worker ants
  A hound skeleton (D:7)
  A hound zombie (D:7)
  A mummy (D:6)
  7 adders
  An ooze (D:6)
  An adder zombie (D:8)
  2 worms (D:2)
  2 dart slugs
  2 leopard geckos
  9 orcs
  4 giant cockroaches
  7 hobgoblins
  9 jackals
  12 kobolds
  8 bats
  13 frilled lizards
  13 goblins
  A kobold zombie (D:6)
  3 orc zombies (D:6)
  A quokka skeleton (D:4)
  10 rats
138 creatures vanquished.

Vanquished Creatures (collateral kills)
  A bat (D:3)
  A hobgoblin (D:2)
2 creatures vanquished.

Grand Total: 140 creatures vanquished

Notes
Turn   | Place    | Note
-------+----------+-------------------------------------------
     0 | D:1      | AlphabetPasta the Mummy Chaos Knight began the quest for the Orb.
     0 | D:1      | Reached XP level 1. HP: 18/18 MP: 1/1
   154 | D:1      | Reached skill level 1 in Dodging
   322 | D:1      | Reached XP level 2. HP: 24/24 MP: 2/2
   377 | D:1      | XOM: silly message
   439 | D:1      | XOM: mild Fire miscast
   529 | D:1      | Noticed a howler monkey
   529 | D:1      | a river rat changed into a howler monkey
   531 | D:1      | Killed a howler monkey
   531 | D:1      | Reached XP level 3. HP: 29/29 MP: 3/3
   643 | D:1      | Reached XP level 4. HP: 36/36 MP: 4/4
  1102 | D:2      | XOM: cast spell 'Olgreb's Toxic Radiance'
  1607 | D:3      | XOM: silly message
  1651 | D:3      | XOM: cast spell 'Summon Small Mammal'
  1658 | D:3      | Reached XP level 5. HP: 32/42 MP: 5/5
  2046 | D:4      | Noticed Edmund
  2053 | D:4      | XOM: potion effect (curing)
  2070 | D:4      | Killed Edmund
  2070 | D:4      | Reached XP level 6. HP: 14/49 MP: 6/6
  2112 | D:4      | Found a hide-covered altar of Uskayaw.
  2163 | D:4      | Noticed Ijyb
  2175 | D:4      | XOM: confuse monster(s)
  2186 | D:4      | Killed Ijyb
  2290 | D:4      | XOM: harmless Pois miscast
  2623 | D:4      | Found a glowing silver altar of Zin.
  2673 | D:4      | XOM: medium Air miscast
  2788 | D:4      | XOM: mild Chrm miscast
  2935 | D:4      | XOM: divination: magic mapping
  3107 | D:5      | Entered Level 5 of the Dungeon
  3198 | D:5      | Found a staircase to the Ecumenical Temple.
  3214 | D:5      | XOM: harmless Conj miscast
  3237 | D:5      | XOM: 2-stop teleportation journey
  3258 | D:5      | Xom revived you
  3265 | D:5      | Reached skill level 5 in Axes
  3265 | D:5      | Reached skill level 1 in Evocations
  3265 | D:5      | Reached XP level 7. HP: 12/55 MP: 7/7
  3534 | D:5      | Noticed a hippogriff
  3541 | D:5      | Killed a hippogriff
  3541 | D:5      | Reached skill level 5 in Fighting
  3697 | D:5      | XOM: enchant monster (bad)
  3742 | D:5      | Found a glowing golden altar of the Shining One.
  3964 | D:5      | XOM: summons 4 hostile shadow creatures
  3985 | D:6      | XOM: summons 7 friendly demons
  4013 | D:6      | XOM: blink monster(s)
  4333 | D:6      | Reached XP level 8. HP: 58/62 MP: 9/9
  4355 | D:6      | You fall through a shaft for 2 floors!
  4461 | D:8      | XOM: god gift: scroll labeled JUSISHOOMA {god gift}
  4550 | D:6      | XOM: mild Ice miscast
  4611 | D:6      | XOM: summons 4 hostile demons
  4612 | D:6      | Noticed a rust devil
  4911 | D:6      | XOM: severe Conj miscast
  5073 | D:6      | XOM: mild Pois miscast
  5204 | D:7      | XOM: confusion
  5207 | D:7      | XOM: 1-stop teleportation journey
  5208 | D:7      | Noticed a hippogriff
  5212 | D:7      | XOM: medium Tloc miscast
  5280 | D:7      | XOM: confuse monster(s)
  5297 | D:7      | Killed a hippogriff
  5314 | D:7      | XOM: fog
  5541 | D:7      | XOM: 7-stop teleportation journey
  5560 | D:7      | Found a stormy altar of Qazlal.
  5561 | D:7      | Found a sacrificial altar of Ru.
  5612 | D:8      | XOM: 1-stop teleportation journey
  5627 | D:8      | Reached XP level 9. HP: 52/69 MP: 11/11
  5668 | D:8      | Slain by a hornet

Vault maps used:
D:1:      dpeg_arrival_morbid_curiosity
D:2:      first_bread, serial_bayou_ford_a, minmay_lizard_pond
D:4:      lemuel_doored_altar, zin_academy, uniq_ijyb, uniq_edmund
D:5:      temple_doors_e, hangedman_abyss_or_decor_stabs, st_stairs_6,
          nicolae_tso_carved_into_rock
D:6:      minmay_mini_ossuary
D:7:      minitemple, hex_large
D:8:      wad_pebble_path, grunt_ogre_cave

Skill      XL: |  1  2  3  4  5  6  7  8 |
---------------+-------------------------+-----
Dodging        | 1 2 3 |  3.2
Axes           | 3 4 5 6 |  6.9
Fighting       | 4 5 6 |  6.2
Evocations     | 1 2 3 |  3.5
Armour         | 2 3 |  3.4

Action                   |  1- 3 |  4- 6 |  7- 9 || total
-------------------------+-------+-------+-------++-------
Melee: Hand axe          |    65 |   251 |   235 ||   551
Throw: Javelin           |       |       |     7 ||     7
  Use: Scroll            |     1 |     6 |     6 ||    13
 Stab: Paralysed         |     2 |       |     4 ||     6
       Confused          |       |     1 |       ||     1
       Petrified         |       |     4 |       ||     4
Armor: Leather armour    |    18 |    21 |       ||    39
       Chain mail        |       |    68 |   107 ||   175
Dodge: Dodged            |    43 |   105 |    80 ||   228
